 Dungeon Crawl Stone Soup version 0.20.0-15-g7f486f2 (webtiles) character file.

130 Mygna the Conjurer (level 4, -2/24 HPs)
             Began as a Deep Elf Conjurer on June 9, 2017.
             Killed by divine providence
             ... invoked by an orc priest
              (11 damage)
             ... on level 3 of the Dungeon.
             The game lasted 00:04:58 (1947 turns).

Mygna the Conjurer (Deep Elf Conjurer)              Turns: 1947, Time: 00:04:59

Health: -2/24      AC:  2    Str:  5    XL:     4   Next: 89%
Magic:  1/10       EV: 13    Int: 21    God:
Gold:   103        SH:  0    Dex: 15    Spells: 3/9 levels left

rFire    . . .     SeeInvis .   h - +0 short sword
rCold    . . .     Gourm    .   (no shield)
rNeg     . . .     Faith    +   a - +0 robe
rPois    +         Spirit   .   (no helmet)
rElec    .         Reflect  .   (no cloak)
rCorr    .         Harm     .   (no gloves)
MR       .....                  (no boots)
Stlth    ++........             f - amulet of faith
Regen    0.1/turn               d - ring of poison resistance
MPRegen  0.2/turn               (no ring)

@: no status effects
A: no striking features
a: no special abilities


You were on level 3 of the Dungeon.
You were not hungry.

You visited 1 branch of the dungeon, and saw 3 of its levels.

You collected 103 gold pieces.

Inventory:

Hand Weapons
 h - a +0 short sword (weapon)
Armour
 a - a +0 robe (worn)
Jewellery
 d - a ring of poison resistance (left hand)
 f - an amulet of faith (around neck)
Scrolls
 e - 2 scrolls of remove curse {unknown}
 g - 3 scrolls of identify {unknown}
 k - a scroll of magic mapping {unknown}
 l - a scroll of amnesia {unknown}
Potions
 i - a potion of brilliance {unknown}
 j - a potion of lignification {unknown}
Books
 b - a book of Conjurations

   Spells                             Type                      Level
   a - Magic Dart                     Conjuration                  1
   b - Searing Ray                    Conjuration                  2
   c - Dazzling Spray                 Conjuration/Hexes            3
   d - Fulminant Prism                Conjuration/Hexes            4
   e - Force Lance                    Conjuration/Translocation    4
   f - Iskenderun's Mystic Blast      Conjuration                  4
Comestibles
 c - a bread ration
 m - 2 chunks of flesh


   Skills:
 - Level 2.8 Dodging
 - Level 3.0 Stealth
 - Level 3.1 Spellcasting
 + Level 5.9 Conjurations
 * Level 2.9 Hexes


You had 3 spell levels left.
You knew the following spells:

 Your Spells              Type           Power        Failure   Level  Hunger
a - Magic Dart            Conj           ####         1%          1    None
b - Searing Ray           Conj           ####..       1%          2    ##.....
c - Dazzling Spray        Conj/Hex       ###...       6%          3    ###....


Dungeon Overview and Level Annotations

Branches:
Dungeon (3/15)

Altars:
Cheibriados
Okawaru


Message History

Confirm with . or Enter, or press ? or * to list all spells.
Aiming: Magic Dart
Press: ? - help, Shift-Dir - straight line, f/p - orc priest
Aim: an orc priest, wielding a morningstar and wearing a leather armour (severely wounded)
The magic dart hits the orc priest.
The orc priest is severely wounded.
The orc priest calls down the wrath of Beogh upon you.
Beogh smites you!
Casting: Magic Dart
Confirm with . or Enter, or press ? or * to list all spells.
Aiming: Magic Dart
Press: ? - help, Shift-Dir - straight line, f/p - orc priest
Aim: an orc priest, wielding a morningstar and wearing a leather armour (severely wounded)
The magic dart hits the orc priest.
The orc priest is severely wounded.
The orc priest invokes the aid of Beogh against you.
Pain shoots through your body!
The orc priest calls down the wrath of Beogh upon you.
Beogh smites you!
You die...

#####.###
#######.....o).
......>.o...#
#.# #.# #.#
##.#######
#.........
#@.####.#.
#......#
#.#####.# #.#
#.# ..# ###


You could see an orc priest.

Vanquished Creatures
  6 adders (D:2)
  3 gnolls (D:2)
  A worm (D:2)
  A dart slug (D:2)
  4 orcs (D:3)
  3 giant cockroaches
  5 goblins
  3 hobgoblins (D:2)
  4 jackals (D:2)
  A quokka (D:2)
  4 bats
  2 frilled lizards (D:2)
  A kobold (D:2)
  4 rats
42 creatures vanquished.

Notes
Turn   | Place    | Note
-------+----------+-------------------------------------------
     0 | D:1      | Mygna the Deep Elf Conjurer began the quest for the Orb.
     0 | D:1      | Reached XP level 1. HP: 10/10 MP: 6/6
   808 | D:2      | Reached XP level 2. HP: 15/15 MP: 5/8
   812 | D:2      | Learned a level 2 spell: Searing Ray
   957 | D:2      | Reached skill level 5 in Conjurations
   957 | D:2      | Reached XP level 3. HP: 19/19 MP: 4/9
  1225 | D:2      | Learned a level 3 spell: Dazzling Spray
  1471 | D:2      | Reached skill level 1 in Hexes
  1471 | D:2      | Reached XP level 4. HP: 24/24 MP: 6/10
  1605 | D:2      | Found an iron altar of Okawaru.
  1614 | D:2      | Found a snail-covered altar of Cheibriados.
  1947 | D:3      | Killed from afar by an orc priest

Skill      XL: |  1  2  3  4 |
---------------+-------------+-----
Stealth        | 3 |  3.0
Conjurations   | 5 |  5.9
Hexes          | 1 2 |  2.9
Dodging        | |  2.8
Spellcasting   | |  3.1

Action                   |  1- 3 |  4- 6 || total
-------------------------+-------+-------++-------
 Cast: Magic Dart        |    32 |    28 ||    60
       Searing Ray       |     6 |     4 ||    10
  Eat: Chunk             |     1 |     2 ||     3
Armor: Robe              |     1 |       ||     1
Dodge: Dodged            |     5 |     1 ||     6
